[Event "Team 45 45 League T65"]
[Site "Internet Chess Club"]
[Date "2015.06.06"]
[Round "1"]
[White "TINAyoufatlard"]
[Black "unclevinny"]
[Result "1-0"]
[WhiteElo "1801"]
[BlackElo "1607"]
[Opening "English: symmetrical, Botvinnik system"]
[ECO "A36"]
[Time "11:30:29"]
[TimeControl "2700+45"]

1. c4 c5 2. Nc3 g6 3. g3 Bg7 4. Bg2 Nc6 5. e4 d6 6. Nge2 Nf6 7. d3 O-O 8. a3 a6
9. O-O Rb8 10. b3 Qc7 11. Rb1 Na7 12. b4 cxb4 13. axb4 b5 14. Nd5 Nxd5 15. cxd5
Bb7 16. Be3 Nc8 17. Rc1 Qd8 18. Nd4 Bxd4 19. Bxd4 a5 20. bxa5 Qxa5 21. Ra1 Qb4
22. Be3 e6 23. Qc2 Ra8 24. Rxa8 Bxa8 25. Bh6 Re8 26. Qc7 Qc5 27. Qd7 Rf8 28. Rc1
Qa7 29. Rxc8 {Black resigns} 1-0

[Event "Team 45 45 League T65"]
[Site "Internet Chess Club"]
[Date "2015.06.08"]
[Round "1"]
[White "jjaillet2007"]
[Black "skuhl99"]
[Result "0-1"]
[WhiteElo "1345"]
[BlackElo "1447"]
[Opening "Benoni defense"]
[ECO "A56"]
[Time "20:00:28"]
[TimeControl "2700+45"]

1. d4 Nf6 2. c4 c5 3. d5 g6 4. Nc3 Bg7 5. e4 d6 6. Nf3 O-O 7. Bd3 e6 8. Bg5 exd5
9. Nxd5 h6 10. Bxf6 Bxf6 11. Rb1 Bg7 12. O-O Na6 13. Re1 Nc7 14. e5 Nxd5 15.
cxd5 dxe5 16. Bc4 Re8 17. Nd2 a6 18. Qf3 Bf5 19. Ne4 Bxe4 20. Qxe4 Qd6 21. Rbd1
b5 22. Bb3 f5 23. Qb1 e4 24. a4 Re5 25. Qc2 Rc8 26. f4 exf3 27. gxf3 Rxe1+ 28.
Rxe1 Bd4+ 29. Kh1 c4 30. Ba2 Qxd5 31. Kg2 Kf8 32. axb5 axb5 33. Qd2 g5 34. Qb4+
Qc5 35. Qxc5+ Bxc5 36. Re5 f4 37. Kh3 Kf7 38. b3 Kf6 39. Rd5 c3 40. Bb1 b4 41.
Bc2 Rc7 42. Kg4 Ke6 43. Rf5 Bg1 44. h4 Rd7 45. hxg5 hxg5 46. Kxg5 Rd2 47. Be4 c2
48. Bxc2 Rxc2 49. Rxf4 Be3 50. Kg4 Bxf4 51. Kxf4 Rb2 52. Ke4 Rxb3 53. Kd4 Rxf3
{White resigns} 0-1

[Event "Team 45 45 League T65"]
[Site "Internet Chess Club"]
[Date "2015.06.07"]
[Round "1"]
[White "mkoga"]
[Black "kingsrook"]
[Result "1-0"]
[WhiteElo "1430"]
[BlackElo "1281"]
[Opening "Sicilian: Anderssen variation"]
[ECO "B41"]
[Time "13:00:30"]
[TimeControl "2700+45"]

1. e4 c5 2. Nf3 e6 3. d4 cxd4 4. Nxd4 Nf6 5. Nc3 Nc6 6. Be3 a6 7. Bc4 d5 8. exd5
exd5 9. Bb3 Be7 10. O-O O-O 11. h3 Nxd4 12. Bxd4 Be6 13. Qf3 Qd7 14. Bxf6 d4 15.
Bxe7 Qxe7 16. Nd5 Bxd5 17. Bxd5 Rab8 18. Rfe1 Qd7 19. Rad1 Qa4 20. Re4 Qxc2 21.
Rd2 Qxd2 22. Rg4 Qc1+ 23. Kh2 Qxb2 24. Qf6 g6 25. h4 Qd2 26. f4 Qd3 27. h5 h6
28. Rxg6+ Qxg6 29. Qxg6+ Kh8 30. Qxh6+ Kg8 31. Be4 f5 32. Bd5+ Rf7 33. Qg6+ Kh8
34. Bxf7 d3 35. Qh6# {Black checkmated} 1-0

[Event "Team 45 45 League T65"]
[Site "Internet Chess Club"]
[Date "2015.06.08"]
[Round "1"]
[White "WzeroMN"]
[Black "chips"]
[Result "1/2-1/2"]
[WhiteElo "1149"]
[BlackElo "1226"]
[Opening "Owen defense"]
[ECO "B00"]
[Time "10:04:10"]
[TimeControl "2700+45"]

1. e4 b6 2. d4 Bb7 3. Bd3 d5 4. e5 e6 5. Nf3 Nc6 6. c3 Qe7 7. O-O h6 8. Na3 a6
9. Nc2 Qd7 10. Bf4 g5 11. Be3 Bg7 12. h3 Nge7 13. b4 b5 14. a3 O-O-O 15. Be2
Rdf8 16. g4 f6 17. Bd3 f5 18. gxf5 Nxf5 19. Bd2 Rf7 20. Bxf5 Rxf5 21. Ne3 Rf7
22. Ng4 Rhf8 23. Ngh2 a5 24. Be3 {Game drawn by mutual agreement} 1/2-1/2

[Event "Team 45 45 League T65"]
[Site "Internet Chess Club"]
[Date "2015.06.06"]
[Round "1"]
[White "room-matt"]
[Black "bradleyguo175"]
[Result "1-0"]
[WhiteElo "1928"]
[BlackElo "1734"]
[Opening "Sicilian: dragon, classical, 9.Nb3"]
[ECO "B74"]
[Time "09:07:33"]
[TimeControl "2700+45"]

1. e4 c5 2. Nf3 d6 3. d4 cxd4 4. Nxd4 Nf6 5. Nc3 g6 6. Be2 Bg7 7. O-O O-O 8. Be3
Nc6 9. Nb3 Bd7 10. f4 Rc8 11. Bf3 h5 12. h3 a6 13. e5 dxe5 14. fxe5 Ne8 15. Nc5
Bf5 16. Bxh5 Qxd1 17. Raxd1 Bxc2 18. Bg4 Bxd1 19. Bxc8 Nc7 20. Bxb7 Nxe5 21.
Rxd1 Nc4 22. Bf4 Nb5 23. Nxb5 axb5 24. b3 Nb6 25. Re1 Rb8 26. Bxb8 {Black
resigns} 1-0

[Event "Team 45 45 League T65"]
[Site "Internet Chess Club"]
[Date "2015.06.06"]
[Round "1"]
[White "Bryant-L"]
[Black "ghostfire"]
[Result "1-0"]
[WhiteElo "1724"]
[BlackElo "1668"]
[Opening "KGD: classical variation"]
[ECO "C30"]
[Time "10:00:29"]
[TimeControl "2700+45"]

1. e4 e5 2. f4 Bc5 3. Nf3 d6 4. Bc4 Nf6 5. Nc3 Bg4 6. h3 Bd7 7. d3 Nc6 8. Nd5
Nxd5 9. Bxd5 Rb8 10. Ng5 O-O 11. Qh5 h6 12. Bxf7+ Rxf7 13. Qxf7+ Kh8 14. h4 Be8
15. Qf8# {Black checkmated} 1-0

[Event "Team 45 45 League T65"]
[Site "Internet Chess Club"]
[Date "2015.06.06"]
[Round "1"]
[White "XGG123"]
[Black "pokerram"]
[Result "0-1"]
[WhiteElo "1379"]
[BlackElo "1756"]
[Opening "Sicilian: Kan, 5.Nc3"]
[ECO "B43"]
[Time "15:01:06"]
[TimeControl "2700+45"]

1. e4 c5 2. Nf3 e6 3. d4 cxd4 4. Nxd4 a6 5. Nc3 Qc7 6. Bd3 Bb4 7. O-O Bxc3 8.
bxc3 Qxc3 9. Nb3 Nf6 10. f4 d6 11. Bd2 Qc7 12. Rb1 Nc6 13. Bc3 e5 14. Qe2 O-O
15. Rbd1 Bg4 16. Qd2 Bxd1 17. Qxd1 Rac8 18. fxe5 Nxe5 19. Bxe5 dxe5 20. Rf5 Qc3
21. h3 Rfd8 22. Qe2 Rd6 23. g4 g6 24. Rf1 b5 25. g5 Nh5 26. Qf2 Nf4 27. Qf3 Rc7
28. Qg4 Nxd3 29. cxd3 Rxd3 30. Rf2 Rg3+ 31. Qxg3 Qxg3+ 32. Rg2 Qe1+ 33. Kh2 Qxe4
34. Rg4 Rc2+ 35. Kg1 Qe1# {White checkmated} 0-1

[Event "Team 45 45 League T65"]
[Site "Internet Chess Club"]
[Date "2015.06.07"]
[Round "1"]
[White "nanning"]
[Black "julesraider"]
[Result "1/2-1/2"]
[WhiteElo "1597"]
[BlackElo "1534"]
[Opening "King's Indian: Sämisch, 5...O-O"]
[ECO "E81"]
[Time "11:00:11"]
[TimeControl "2700+45"]

1. d4 Nf6 2. c4 g6 3. Nc3 Bg7 4. e4 d6 5. f3 O-O 6. Be3 a6 7. Nge2 Nbd7 8. Ng3
c5 9. d5 b6 10. Be2 Bb7 11. Qd2 Qc7 12. Bh6 Rfd8 13. Bxg7 Kxg7 14. O-O e6 15.
Rae1 Ne8 16. dxe6 fxe6 17. f4 b5 18. f5 d5 19. fxe6 Ndf6 20. exd5 Nd6 21. Qg5
Nfe8 22. Qe5+ Kg8 23. e7 Ng7 24. exd8=Q+ Qxd8 25. b3 Qd7 26. Nge4 Nde8 27. Nxc5
Qc8 28. Nxb7 Qxb7 29. Bf3 Qb6+ 30. Qe3 Qxe3+ 31. Rxe3 bxc4 32. bxc4 Nf5 33. Rfe1
Nxe3 34. Rxe3 Rc8 35. Be2 Nd6 36. Ne4 Nxc4 37. Bxc4 Rxc4 38. Nf6+ Kf7 39. Nxh7
Rd4 40. Ng5+ Kf6 41. Ne4+ Kf5 42. d6 Kf4 43. Kf2 a5 44. g3+ Kf5 45. Kf3 a4 46.
g4+ Ke6 47. Nc3+ Kd7 48. Ne4 Ke6 49. h4 Kf7 50. h5 gxh5 51. gxh5 Kg7 52. Kf4 Rd5
53. h6+ Kxh6 54. Ra3 Rd4 55. Ke5 Rd1 56. Rxa4 Kg7 57. Ra7+ Kf8 58. d7 Ke7 59. a4
Rxd7 60. Rxd7+ Kxd7 61. Kd5 Kc7 62. Kc5 Kb7 63. Kb5 Ka7 64. Nc5 Ka8 65. Kb6 Kb8
66. a5 Ka8 67. Ne4 Kb8 68. Nd6 Ka8 69. Nb5 Kb8 70. a6 Ka8 71. Ka5 Kb8 72. a7+
Ka8 73. Nc7+ Kxa7 {Game drawn because neither player has mating material}
1/2-1/2

[Event "Team 45 45 League T65"]
[Site "Internet Chess Club"]
[Date "2015.06.08"]
[Round "1"]
[White "Schachteufel"]
[Black "santiagoelawad"]
[Result "0-1"]
[WhiteElo "1694"]
[BlackElo "2082"]
[Opening "Caro-Kann: advance variation"]
[ECO "B12"]
[Time "09:04:53"]
[TimeControl "2700+45"]

1. e4 c6 2. d4 d5 3. e5 Bf5 4. h4 a6 5. c4 c5 6. dxc5 d4 7. Nf3 Nc6 8. Be2 e6 9.
O-O Bxc5 10. Nbd2 Nge7 11. Nb3 b6 12. Bg5 Qd7 13. a3 d3 14. Nxc5 bxc5 15. Bxe7
Nxe7 {White resigns} 0-1

[Event "Team 45 45 League T65"]
[Site "Internet Chess Club"]
[Date "2015.06.08"]
[Round "1"]
[White "SilentKnight"]
[Black "krysto"]
[Result "1-0"]
[WhiteElo "1628"]
[BlackElo "1611"]
[Opening "QGD: exchange, positional line"]
[ECO "D35"]
[Time "22:15:31"]
[TimeControl "2700+45"]

1. d4 Nf6 2. c4 e6 3. Nc3 d5 4. cxd5 exd5 5. Bg5 Be7 6. e3 O-O 7. Bd3 Nbd7 8.
Qc2 c6 9. Nge2 Re8 10. O-O Nf8 11. f3 Nh5 12. Bxe7 Qxe7 13. e4 Qg5 14. e5 Bh3
15. Rf2 h6 16. Qc1 Qxc1+ 17. Rxc1 Bd7 18. g4 {Black resigns} 1-0

[Event "Team 45 45 League T65"]
[Site "Internet Chess Club"]
[Date "2015.06.04"]
[Round "1"]
[White "portis2"]
[Black "jjaillet2007"]
[Result "1-0"]
[WhiteElo "1564"]
[BlackElo "1357"]
[Opening "QGD: Tarrasch, Prague variation"]
[ECO "D33"]
[Time "14:00:18"]
[TimeControl "2700+45"]

1. d4 d5 2. c4 e6 3. Nf3 c5 4. cxd5 exd5 5. Nc3 Nf6 6. g3 Nc6 7. Bg2 Be6 8. O-O
Bd6 9. Ng5 h6 10. Nxe6 fxe6 11. Nb5 Bb8 12. dxc5 a6 13. Nd4 Nxd4 14. Qxd4 O-O
15. Rd1 Ba7 16. b4 Qd7 17. Bf4 Nh5 18. Bd6 Rf6 19. g4 Qf7 20. gxh5 Qxh5 21. e4
Bb8 22. Bxb8 Rxb8 23. exd5 e5 24. Qe4 Rf4 25. Qe1 Rh4 26. h3 Qg5 27. Rd3 e4 28.
Rg3 Qf4 29. Qc3 Rf8 30. Qxg7# {Black checkmated} 1-0

[Event "Team 45 45 League T65"]
[Site "Internet Chess Club"]
[Date "2015.06.07"]
[Round "1"]
[White "Just-Jim"]
[Black "Berke"]
[Result "1-0"]
[WhiteElo "1368"]
[BlackElo "1479"]
[Opening "Canard opening"]
[ECO "A45"]
[Time "14:00:29"]
[TimeControl "2700+45"]

1. d4 Nf6 2. f4 d5 3. e3 e6 4. Nf3 Be7 5. Be2 c5 6. O-O O-O 7. Ne5 cxd4 8. exd4
Nbd7 9. c3 a6 10. Bg4 Re8 11. f5 Nf8 12. fxe6 Bxe6 13. Bxe6 fxe6 14. Bg5 N8d7
15. Bxf6 Nxf6 16. Qe1 Bf8 17. Nf3 Qc7 18. Nbd2 Bd6 19. g3 e5 20. dxe5 Bxe5 21.
Qc1 Bd6 22. Qd1 Bc5+ 23. Nd4 Ne4 24. Nxe4 dxe4 25. Qg4 e3 26. Kg2 e2 27. Nxe2
Qc6+ 28. Kh3 Re4 29. Rf4 Rae8 30. Rxe4 Rxe4 31. Nf4 Qe8 32. Rd1 Bb6 33. Rd5 Bc7
34. Rd7 Be5 35. Qe6+ Qxe6+ 36. Nxe6 Bf6 37. Nc5 Re2 38. Rxb7 h6 39. Nd7 Bg5 40.
Rb8+ Kh7 41. Nf8+ Kg8 42. Ne6+ Kh7 43. Nxg5+ hxg5 44. a4 g4+ 45. Kxg4 Rxh2 46.
c4 a5 47. Rb5 g6 48. b3 Rh5 49. Rxh5+ gxh5+ 50. Kxh5 {Black resigns} 1-0

[Event "Team 45 45 League T65"]
[Site "Internet Chess Club"]
[Date "2015.06.03"]
[Round "1"]
[White "perikitosax"]
[Black "BigH"]
[Result "1/2-1/2"]
[WhiteElo "1970"]
[BlackElo "1963"]
[Opening "Queen's pawn game"]
[ECO "D02"]
[Time "15:05:14"]
[TimeControl "2700+45"]

1. d4 d5 2. Nf3 e6 3. c4 c6 4. Qc2 Nf6 5. g3 dxc4 6. Bg2 b5 7. O-O Bb7 8. a4
Nbd7 9. Rd1 Be7 10. b3 cxb3 11. Qxb3 a6 12. Ne5 Nxe5 13. dxe5 Nd7 14. Nc3 Qc8
15. f4 O-O 16. Ba3 Bxa3 17. Rxa3 Nc5 18. Qb4 Nxa4 19. Nxa4 bxa4 20. Rxa4 Rb8 21.
Qc5 Ba8 22. Rd6 Rb5 23. Qc2 c5 24. Bxa8 Qxa8 25. Raxa6 Qb7 26. Rac6 Rb1+ 27. Kg2
Qb4 28. Rd2 h5 29. Rxc5 {Game drawn by mutual agreement} 1/2-1/2

[Event "Team 45 45 League T65"]
[Site "Internet Chess Club"]
[Date "2015.06.05"]
[Round "1"]
[White "willhelm"]
[Black "kidcobra"]
[Result "1-0"]
[WhiteElo "1926"]
[BlackElo "1876"]
[Opening "King's Indian: Andersson variation"]
[ECO "E92"]
[Time "17:03:11"]
[TimeControl "2700+45"]

1. d4 Nf6 2. Nf3 d6 3. c4 g6 4. Nc3 Bg7 5. e4 O-O 6. Be2 e5 7. dxe5 dxe5 8. Qxd8
Rxd8 9. Bg5 c6 10. O-O Re8 11. Rfd1 Na6 12. Ne1 Nc5 13. f3 Ne6 14. Be3 c5 15.
Nd5 Nxd5 16. cxd5 Nd4 17. Bf1 a5 18. Rac1 b6 19. Nc2 Ba6 20. Na3 Be2 21. Rd2
Bxf1 22. Kxf1 f5 23. Nc4 Rab8 24. Rc3 Red8 25. a4 fxe4 26. fxe4 Rf8+ 27. Rf2
Rxf2+ 28. Kxf2 Kf7 29. Ke1 Bf6 30. Kd2 Ke7 31. Bxd4 cxd4 32. Rb3 Kd7 33. Rxb6
Rxb6 34. Nxb6+ Kd6 35. Nc4+ Kc5 36. Nxa5 Be7 37. Nc6 Bd6 38. Kd3 Bc7 39. b4+ Kb6
40. Kc4 h5 41. a5+ Kb7 42. b5 Bd6 43. h3 g5 44. g4 hxg4 45. hxg4 Bc7 46. a6+ Ka8
47. Nb4 d3 48. Nxd3 Ka7 49. Nf2 Kb6 50. Nh3 Bd8 51. Ng1 Be7 52. Nf3 Kc7 53. Nxe5
Kd6 54. Nf3 Bd8 55. a7 Bb6 56. a8=Q Ba7 57. Qd8# {Black checkmated} 1-0

[Event "Team 45 45 League T65"]
[Site "Internet Chess Club"]
[Date "2015.06.04"]
[Round "1"]
[White "jorobo"]
[Black "HematiteBrown"]
[Result "1/2-1/2"]
[WhiteElo "2052"]
[BlackElo "2076"]
[Opening "King's Indian: Smyslov system"]
[ECO "E61"]
[Time "13:20:59"]
[TimeControl "2700+45"]

1. c4 Nf6 2. Nc3 g6 3. d4 d6 4. Nf3 Bg7 5. Bg5 h6 6. Bh4 c6 7. e3 g5 8. Bg3 Nh5
9. Be2 Nd7 10. Qc2 Ndf6 11. Rd1 Qa5 12. Nd2 Bf5 13. e4 Bg6 14. O-O Qb6 15. c5
Qd8 16. cxd6 exd6 17. Qb3 Rb8 18. e5 Nxg3 19. hxg3 Nd7 20. Nc4 d5 21. Nd6+ Kf8
22. f4 gxf4 23. gxf4 Bh7 24. Bh5 Bg6 25. Bxg6 fxg6 26. f5 gxf5 27. Rxf5+ Kg8 28.
Nxd5 cxd5 29. Qxd5+ Kh7 30. Qe4 Kg8 31. Qd5+ Kh7 32. Qe4 Kg8 33. Nf7 Qe7 34. Qd5
Nb6 35. Qb3 Kh7 36. Nxh8 Kxh8 37. Rf7 Qh4 38. Qe6 Qg5 39. Qe7 Qg4 40. Rd3 Rc8
41. Qxb7 Rc1+ 42. Rf1 Rxf1+ 43. Kxf1 Qf5+ 44. Qf3 Qe6 45. b3 Nd5 46. Rd2 Qc6 47.
Qe2 Qc1+ 48. Kf2 Nc3 49. Qe3 Nd1+ 50. Rxd1 Qxd1 51. Kg3 Kg8 52. Qe4 a6 53. Qd5+
Kh7 54. Qe4+ Kg8 55. Qd5+ Kh7 56. Qe4+ Kg8 {Game drawn by repetition} 1/2-1/2

[Event "Team 45 45 League T65"]
[Site "Internet Chess Club"]
[Date "2015.06.07"]
[Round "1"]
[White "dmarcolino"]
[Black "Greedy-Reedy"]
[Result "1-0"]
[WhiteElo "1970"]
[BlackElo "1899"]
[Opening "Scandinavian: Pytel-Wade variation"]
[ECO "B01"]
[Time "12:04:33"]
[TimeControl "2700+45"]

1. e4 d5 2. exd5 Qxd5 3. Nc3 Qd6 4. Bc4 a6 5. Nge2 Nf6 6. d4 b5 7. Bf4 Qd8 8.
Bb3 Bb7 9. O-O b4 10. Na4 e6 11. Bg5 h6 12. Bxf6 Qxf6 13. d5 e5 14. f4 Bd6 15.
fxe5 Qxe5 16. Ng3 Qe3+ 17. Kh1 O-O 18. Nf5 Qe5 19. Nxd6 Qxd6 20. c4 Nd7 21. Qd4
c5 22. Qf2 Rac8 23. Rae1 Ne5 24. Rxe5 Qxe5 25. Nxc5 Qc7 26. Nxb7 Qxb7 27. c5 Qc7
28. Rc1 Kh8 29. Qd4 Rfe8 30. Kg1 a5 31. Ba4 Qe5 32. Rd1 Qxd4+ 33. Rxd4 Red8 34.
c6 Rd6 35. Kf2 Kg8 36. Ke3 Kf8 37. Kd3 Ke7 38. Kc4 Kf6 39. Kc5 Ke5 40. Rd2 Rdd8
41. d6 Ke6 42. Re2+ Kf6 43. c7 {Black resigns} 1-0

[Event "Team 45 45 League T65"]
[Site "Internet Chess Club"]
[Date "2015.06.04"]
[Round "1"]
[White "chessersizing"]
[Black "Chessbomb"]
[Result "1-0"]
[WhiteElo "1699"]
[BlackElo "1803"]
[Opening "Trompowsky attack (Ruth, Opocenský opening)"]
[ECO "A45"]
[Time "11:31:05"]
[TimeControl "2700+45"]

1. d4 Nf6 2. Bg5 Ne4 3. Bf4 d5 4. e3 c6 5. Bd3 Nd6 6. Nf3 Bg4 7. h3 Bh5 8. Nbd2
e6 9. c4 dxc4 10. Nxc4 Nxc4 11. Bxc4 Bb4+ 12. Kf1 O-O 13. Qb3 Qb6 14. g4 Bg6 15.
Bxb8 Raxb8 16. Ne5 Rbd8 17. Nxg6 hxg6 18. h4 c5 19. a3 Qc6 20. Ke2 Ba5 21. h5
gxh5 22. Rxh5 Bb6 23. Rah1 g6 24. Rh7 Rfe8 25. Bb5 Qc8 26. Bxe8 Rxe8 27. dxc5
Bxc5 28. Qc3 {Black resigns} 1-0

[Event "Team 45 45 League T65"]
[Site "Internet Chess Club"]
[Date "2015.06.05"]
[Round "1"]
[White "JustinL"]
[Black "ticopatzer"]
[Result "1-0"]
[WhiteElo "1922"]
[BlackElo "1711"]
[Opening "Queen's pawn game"]
[ECO "D02"]
[Time "18:11:04"]
[TimeControl "2700+45"]

1. d4 d5 2. Nf3 e6 3. Bf4 c5 4. c3 Nc6 5. e3 Nf6 6. Nbd2 Be7 7. Bd3 c4 8. Bc2
O-O 9. O-O b5 10. e4 dxe4 11. Nxe4 Nxe4 12. Bxe4 Bb7 13. Qe2 Bd6 14. Bxh7+ Kxh7
15. Ng5+ Kg8 16. Qh5 Re8 17. Qxf7+ Kh8 18. Qh5+ Kg8 19. Qh7+ Kf8 20. Qh8+ Ke7
21. Qxg7# {Black checkmated} 1-0

[Event "Team 45 45 League T65"]
[Site "Internet Chess Club"]
[Date "2015.06.05"]
[Round "1"]
[White "rayonline53"]
[Black "kidcobra"]
[Result "1/2-1/2"]
[WhiteElo "1538"]
[BlackElo "1891"]
[Opening "Sicilian: dragon, 6.Be3"]
[ECO "B72"]
[Time "13:00:43"]
[TimeControl "2700+45"]

1. e4 c5 2. Nf3 d6 3. d4 cxd4 4. Nxd4 Nf6 5. Nc3 g6 6. Be3 Bg7 7. Qd2 Ng4 8. Bg5
h6 9. Bh4 O-O 10. f3 Ne5 11. Be2 Nbc6 12. Bf2 Bd7 13. O-O f5 14. exf5 Nxd4 15.
Bxd4 Bxf5 16. f4 Nc6 17. Bxg7 Kxg7 18. Kh1 h5 19. Rae1 e6 20. a3 h4 21. Bd3 Bxd3
22. Qxd3 Re8 23. Ne4 d5 24. Nc5 Qc8 25. Qh3 Nd4 26. Qc3 e5 27. fxe5 Ne6 28.
Nxe6+ Rxe6 29. Qf3 Qd7 30. Qg4 Qe7 31. Qd4 Re8 32. Qxd5 Rxe5 33. Rxe5 Qxe5 34.
Qf7+ Kh6 35. Qxb7 Rf8 36. Qa6 Rxf1+ 37. Qxf1 Qxb2 38. c4 Qxa3 39. h3 Qe3 40. Qf3
Qc1+ 41. Kh2 Qxc4 42. Qe3+ {Game drawn by mutual agreement} 1/2-1/2

[Event "Team 45 45 League T65"]
[Site "Internet Chess Club"]
[Date "2015.06.05"]
[Round "1"]
[White "MartyJR"]
[Black "losscause"]
[Result "0-1"]
[WhiteElo "1465"]
[BlackElo "1656"]
[Opening "Queen's pawn game"]
[ECO "A46"]
[Time "22:00:26"]
[TimeControl "2700+45"]

1. d4 Nf6 2. Nf3 e6 3. Bf4 c5 4. e3 Qb6 5. Nc3 cxd4 6. exd4 Bb4 7. Bd3 Nc6 8.
Be3 Nd5 9. O-O Bxc3 10. bxc3 Nxc3 11. Qd2 Nd5 12. Rab1 Qc7 13. c4 Nxe3 14. fxe3
Ne7 15. Ne5 f6 16. Nf3 O-O 17. Qc2 Nf5 18. Rbe1 d5 19. c5 g6 20. e4 dxe4 21.
Bxe4 Bd7 22. Bxf5 gxf5 23. Nd2 Rae8 24. Rf3 b6 25. Rg3+ Kh8 26. Nb3 Ba4 27. Qc3
Bxb3 28. axb3 f4 29. Rh3 bxc5 30. dxc5 e5 31. b4 Qc6 32. Rh6 Rf7 33. Qf3 Qxf3
34. gxf3 Kg7 35. Rh3 Rb8 36. Rc1 Rxb4 37. c6 Rc7 38. Rh4 Rb6 39. Rg4+ Kf7 40.
Rg2 Rbxc6 41. Rxc6 Rxc6 42. Ra2 a6 43. Kg2 f5 44. Rb2 Kf6 45. Rb7 h6 46. Rh7 Kg6
47. Re7 Kf6 48. Rh7 Kg5 49. Re7 Rc5 50. Rg7+ Kh4 51. Rf7 Kg5 52. Rg7+ Kh5 53.
Rf7 Kg6 54. Ra7 a5 55. Ra6+ Kg5 56. Kh3 e4 57. fxe4 fxe4 58. Ra7 Rc3+ 59. Kg2
Rc5 60. Rg7+ Kh4 61. Rf7 Rg5+ 62. Kf2 f3 63. Ke3 Rg4 64. Rf6 h5 65. Rf5 a4 66.
Ra5 a3 67. Rxa3 Kh3 68. Ra5 h4 69. Ra2 Rg2 70. Ra4 Re2+ 71. Kf4 f2 72. Ra3+ Kxh2
{White resigns} 0-1

[Event "Team 45 45 League T65"]
[Site "Internet Chess Club"]
[Date "2015.06.08"]
[Round "1"]
[White "evan7284"]
[Black "KidRattler"]
[Result "1/2-1/2"]
[WhiteElo "1676"]
[BlackElo "1559"]
[Opening "Queen's pawn game"]
[ECO "D02"]
[Time "15:00:45"]
[TimeControl "2700+45"]

1. d4 d5 2. Nf3 c6 3. Bg5 h6 4. Bh4 Bf5 5. c3 Qb6 6. Qb3 Nd7 7. e3 g5 8. Bg3
Ngf6 9. Nbd2 Bg7 10. c4 O-O 11. Ne5 Nxe5 12. Bxe5 Qxb3 13. axb3 Ne4 14. Bxg7
Kxg7 15. Nxe4 Bxe4 16. Kd2 e6 17. f3 Bg6 18. Bd3 Bxd3 19. Kxd3 f5 20. g3 g4 21.
fxg4 fxg4 22. Rhf1 Rxf1 23. Rxf1 Rf8 24. Rxf8 Kxf8 25. e4 Kf7 26. exd5 exd5 27.
c5 Kf6 28. Ke3 Kf5 29. b4 h5 30. b3 a6 31. Kd3 Kg5 32. Ke3 {Game drawn by mutual
agreement} 1/2-1/2

[Event "Team 45 45 League T65"]
[Site "Internet Chess Club"]
[Date "2015.06.09"]
[Round "1"]
[White "OperaDude94"]
[Black "anna"]
[Result "1-0"]
[WhiteElo "1890"]
[BlackElo "1791"]
[Opening "QGD"]
[ECO "D51"]
[Time "18:00:19"]
[TimeControl "2700+45"]

1. d4 d5 2. c4 e6 3. Nc3 Nf6 4. Bg5 Nbd7 5. e3 Be7 6. Nf3 h6 7. Bh4 O-O 8. Bd3
dxc4 9. Bxc4 c5 10. O-O cxd4 11. Nxd4 Ne5 12. Be2 Bd7 13. Qb3 b6 14. Bg3 Nc6 15.
Bf3 Na5 16. Qd1 Rc8 17. Rc1 Bc6 18. Nxc6 Nxc6 19. Qa4 Na5 20. b4 Rc4 21. a3 Nd5
22. Nxd5 exd5 23. Be2 Rxc1 24. Rxc1 Nc4 25. Qxa7 Bd6 26. Bxd6 Qxd6 27. Qa6 Ne5
28. h3 d4 29. Rd1 d3 30. Bxd3 Nxd3 31. Qxd3 Qc7 32. Qd6 Qb7 33. Rc1 Qa7 34. a4
Qxa4 35. Qxb6 Qa8 36. Qc7 Qb8 37. Qxb8 Rxb8 38. Rb1 Rb5 39. Kf1 Kf8 40. Ke2 Ke7
41. Kd3 Kd7 42. Kc4 Rb6 43. b5 Kc7 44. Ra1 Kb7 45. Ra6 Rxa6 46. bxa6+ Kxa6 47.
Kd5 Kb5 48. Kd6 Kc4 49. Ke7 Kd3 50. Kxf7 {Black resigns} 1-0

[Event "Team 45 45 League T65"]
[Site "Internet Chess Club"]
[Date "2015.06.09"]
[Round "1"]
[White "sanjay2000"]
[Black "ILRE"]
[Result "1-0"]
[WhiteElo "1538"]
[BlackElo "1708"]
[Opening "Scandinavian: Pytel-Wade variation"]
[ECO "B01"]
[Time "17:42:32"]
[TimeControl "2700+45"]

1. e4 d5 2. exd5 Qxd5 3. Nc3 Qd6 4. Nf3 Nf6 5. d4 c6 6. Be2 Bf5 7. Be3 e6 8. O-O
Be7 9. h3 O-O 10. Nh4 Bg6 11. Nxg6 hxg6 12. Bd3 Nbd7 13. Qf3 Qb4 14. Rab1 Nd5
15. Nxd5 exd5 16. Qg3 Bd6 17. Qg4 Nf6 18. Qg5 Qa5 19. a3 Qc7 20. c4 Ne4 21. Bxe4
dxe4 22. Qg4 Rfe8 23. Rbc1 Qc8 24. Rfd1 Qf5 25. Qxf5 gxf5 26. c5 Bc7 27. d5 cxd5
28. Rxd5 f4 29. Rd7 Be5 30. Bd4 Bxd4 31. Rxd4 Re7 32. f3 f5 33. Kf2 Rc8 34. b4
Rf8 35. b5 g5 36. c6 e3+ 37. Ke2 bxc6 38. bxc6 Rc7 39. h4 gxh4 40. Rxf4 h3 41.
gxh3 Rf6 42. a4 Rfxc6 43. Rxc6 Rxc6 44. Rxf5 Rh6 45. Ra5 a6 46. Kxe3 Rxh3 47.
Rxa6 Rh1 48. Ra8+ Kf7 49. a5 Ra1 50. a6 Ra5 51. a7 Kg7 52. Kd4 Kf6 53. Rf8+
{Black resigns} 1-0

[Event "Team 45 45 League T65"]
[Site "Internet Chess Club"]
[Date "2015.06.07"]
[Round "1"]
[White "anishio"]
[Black "bluesun"]
[Result "0-1"]
[WhiteElo "1642"]
[BlackElo "1571"]
[Opening "Ruy Lopez: 5.O-O"]
[ECO "C78"]
[Time "20:30:32"]
[TimeControl "2700+45"]

1. e4 e5 2. Nf3 Nc6 3. Bb5 a6 4. Ba4 Nf6 5. O-O b5 6. Bb3 Bc5 7. a4 b4 8. d3 d6
9. Bg5 Bg4 10. h3 Bxf3 11. Qxf3 Nd4 12. Qd1 Nxb3 13. cxb3 O-O 14. Nd2 c6 15. Rc1
h6 16. Bh4 g5 17. Bg3 Nd7 18. Nc4 f5 19. exf5 Rxf5 20. Ne3 Rf7 21. Qh5 Qb6 22.
Ng4 Rh7 23. Qg6+ Kh8 24. Nxh6 Rf8 25. Ng4 Rg7 26. Qh5+ Rh7 27. Qxg5 Rg7 28. Qh6+
Kg8 29. Qe6+ Kh8 30. Bh4 Rf4 31. Bg3 Nf8 32. Qe8 Rf5 33. Bh4 Rg6 34. Be7 Kg8 35.
Bxf8 Rxg4 36. hxg4 Bxf2+ 37. Kh1 Rxf8 38. Qg6+ Kh8 39. Qxd6 Rf7 40. Qxe5+ Kg8
41. Qe8+ Kg7 42. Qxc6 Qe3 43. Rxf2 Qxf2 44. Qd6 Qh4+ 45. Qh2 Qg5 46. Re1 Rf6 47.
Qh5 Rh6 48. Kg1 Rxh5 49. gxh5 Qxh5 50. d4 Qd5 51. Rd1 Qxb3 52. Rd2 Qe3+ 53. Rf2
Qxd4 54. g3 b3 55. Kg2 Qxa4 {White resigns} 0-1

[Event "Team 45 45 League T65"]
[Site "Internet Chess Club"]
[Date "2015.06.11"]
[Round "1"]
[White "Littlemon"]
[Black "seattleblues"]
[Result "1/2-1/2"]
[WhiteElo "1522"]
[BlackElo "1425"]
[Opening "Nimzo-Indian: 4.e3"]
[ECO "E40"]
[Time "19:02:41"]
[TimeControl "2700+45"]

1. d4 Nf6 2. c4 e6 3. Nc3 Bb4 4. e3 Bxc3+ 5. bxc3 O-O 6. Bd3 h6 7. Nf3 d6 8. O-O
Re8 9. h3 Nc6 10. Re1 e5 11. d5 Nb8 12. e4 Na6 13. Bc2 Nc5 14. Ba3 b6 15. Rb1
Ba6 16. Qe2 Rb8 17. Bxc5 bxc5 18. Rxb8 Qxb8 19. Rb1 Qa8 20. Ba4 Rb8 21. Bb5 Bc8
22. Qc2 Bd7 23. a4 a6 24. Bxd7 Rxb1+ 25. Qxb1 Nxd7 26. Nh4 g6 27. Nf3 Nb6 28.
Qb3 Qe8 29. a5 Qa4 30. Qxa4 Nxa4 31. Nd2 Nxc3 32. Kf1 Na2 33. Ke2 Nb4 34. Kd1
Nd3 35. Ke2 Nf4+ 36. Kf3 Nd3 37. Nb3 Nb2 38. Nd2 Nd3 {Game drawn by mutual
agreement} 1/2-1/2

[Event "Team 45 45 League T65"]
[Site "Internet Chess Club"]
[Date "2015.06.07"]
[Round "1"]
[White "Bluebeamer"]
[Black "RUPIS"]
[Result "1-0"]
[WhiteElo "1418"]
[BlackElo "1626"]
[Opening "French: advance, Paulsen attack"]
[ECO "C02"]
[Time "13:00:36"]
[TimeControl "2700+45"]

1. e4 e6 2. d4 d5 3. e5 c5 4. c3 Nc6 5. Nf3 Qb6 6. Be3 Bd7 7. b3 cxd4 8. Bxd4
Nxd4 9. Nxd4 Bc5 10. Qg4 g6 11. Nd2 Ne7 12. Bd3 Qc7 13. N2f3 Bxd4 14. Qxd4 Nc6
15. Qe3 Ne7 16. c4 Qa5+ 17. Qd2 Qc7 18. O-O O-O 19. Qh6 f6 20. exf6 Nf5 21. Bxf5
exf5 22. Qg7# {Black checkmated} 1-0